AoeStats
← Formagella

African Clearing

503888948Analyzed
3v3 RM · 1mo ago on Sep 2, 2026· 28m 33s· 6 players
Game mode
Random Map
Map size
Normal (6 player)
Population
200
Speed
Normal
Resources
Standard
Victory
Conquest
Starting age
Dark Age
Ending age
Imperial Age
RankedLock teamsTeams togetherTeam positionsShared explorationLock speedFull tech treeHidden civsTurbo modeCheats
Victory
Defeat
🇨🇭 Mongols · Switzerland
970
+11
🇨🇭 Saracens · Switzerland
829
+17
🇨🇭 Tupi · Switzerland
818
+17
🇹🇷 Turks · Türkiye
875
-18
🇸🇪 Ethiopians · Sweden
842
-15
🇳🇱 Franks · Netherlands
826
-14
Wirsh
5:12 Loom
14:30 Feudal Age
17:41 Wheelbarrow
21:50 Castle Age
Testudo
15:36 Loom
20:04 Feudal Age
HAİN KOSTOK
19:21 Feudal Age
20:19 Double-Bit Axe
21:06 Horse Collar
22:09 Wheelbarrow
28:08 Castle Age
Perocat
5:48 Loom
16:21 Feudal Age
21:28 Castle Age
19:37 Horse Collar
21:47 Double-Bit Axe
23:23 Bow Saw
maurazio
12:34 Loom
18:23 Feudal Age
19:43 Wheelbarrow
18:31 Champi Runner
19:00 Double-Bit Axe
18:59 Horse Collar
20:12 Gold Mining
22:04 Stone Mining
27:37 Castle Age
25:49 Forging
25:40 Scale Mail Armor
27:26 Arson
27:39 Champi Warrior
28:21 Squires
28:58 Iron Casting
28:39 Chain Mail Armor
28:52 Hand Cart
28:56 Bow Saw
28:47 Heavy Plow
29:23 Gold Shaft Mining
Formagella
6:59 Loom
15:01 Feudal Age
18:16 Double-Bit Axe
18:15 Horse Collar
21:02 Forging
23:09 Castle Age
22:34 Wheelbarrow
22:46 Gold Mining
23:25 Light Cavalry
28:16 Scale Barding Armor
Connection lost

Rejoining the realm…

Still unreachable

The connection could not be restored.

Session expired

The server has moved on; the page needs a fresh start.